[Event "3rd VIZAG GM-Open 2022"]
[Site "Visakapatnam"]
[Date "2022.06.13"]
[Round "2.12"]
[White "Hossain, Enamul"]
[Black "Sri Sai Baswanth P"]
[Result "1-0"]
[ECO "C41"]
[WhiteElo "2413"]
[BlackElo "1896"]
[Annotator "TA"]
[PlyCount "81"]
[EventDate "2022.06.13"]
[EventType "swiss"]
[EventCountry "IND"]
[SourceTitle "playchess.com"]
[Source "ChessBase"]
[SourceQuality "1"]
[TimeControl "5400+30"]

1. e4 d6 2. d4 Nf6 3. Nc3 e5 4. Nf3 Nbd7 5. g3 Be7 6. Bg2 O-O 7. O-O c6 8. a4 Re8 9. Re1 {[%emt 0:00:32] C41: Philidor Defence.} Bf8 (9... Qc7 $11) 10. h3 b6 {[%emt 0:03:51] [#]} 11. Rb1 $146 {[%emt 0:17:37] White has an edge.} ({Predecessor:} 11. b3 Bb7 12. Bb2 a6 13. Qd2 Qc7 14. Rad1 b5 15. dxe5 dxe5 16. Qc1 Nb6 17. Nh4 {0-1 (53) Duda,J (2557)-Jobava,B (2705) Warsaw 2013}) 11... Bb7 12. Be3 a6 13. Nd2 b5 14. b4 Nb6 15. axb5 cxb5 16. d5 Rc8 17. Rb3 Nc4 18. Nxc4 Rxc4 19. Bf1 (19. Qd3 $14) 19... Nxe4 $11 20. Bxc4 bxc4 21. Nxe4 cxb3 $17 22. c4 Qc8 (22... b2 $17 {aiming for ...f5.} 23. Qe2 f5) 23. Qxb3 $15 f5 (23... Qxh3 $15 24. c5 h6) 24. Nd2 $11 f4 25. Bb6 Qxh3 {[%emt 0:10:43][%cal Oe8e6] [#] White must now prevent ...Re6!} 26. gxf4 $1 Qf5 27. Qf3 ({White should play} 27. fxe5 $11 Rxe5 28. Rxe5 Qxe5 29. Qe3) 27... Re6 (27... Qc2 $1 $15 28. Be3 exf4 29. Qxf4 Bc8) 28. Re4 (28. Qe4 $5 Qg4+ 29. Kf1 $11) 28... Rh6 {[%emt 0:03:01] ...Bc8 is the strong threat.} 29. Be3 {[%emt 0:01:06] Threatens to win with fxe5. Active counter play!} Rh4 {[%emt 0:01:16][%cal Og7g5] And now ...g5! would win.} 30. Nf1 $1 Qg6+ 31. Ng3 exf4 32. Bxf4 Bc8 $2 {[%emt 0:00:04][%mdl 8192] [#] A mistake that costs the game.} (32... Qf6 $11 33. Qe3 h6) 33. Bxd6 $1 $18 Qxd6 (33... Bxd6 34. Rxh4) 34. Rxh4 Qxb4 35. Qe4 g6 36. Qe8 {[%emt 0:00:45] Inhibits Bd7.} Qb7 37. Rf4 Bf5 38. Nxf5 gxf5 39. Qe6+ Kh8 40. Qxf5 Bg7 41. Re4 {[%emt 0:00:37] Weighted Error Value: White=0.19 (very precise) /Black=0.86} 1-0

[Event "3rd VIZAG GM-Open 2022"]
[Site "Visakapatnam"]
[Date "2022.06.13"]
[Round "2.13"]
[White "Adireddy Arjun"]
[Black "Nitin, S.."]
[Result "0-1"]
[ECO "B42"]
[WhiteElo "1898"]
[BlackElo "2399"]
[Annotator "TA"]
[PlyCount "86"]
[EventDate "2022.06.13"]
[EventType "swiss"]
[EventCountry "IND"]
[SourceTitle "playchess.com"]
[Source "ChessBase"]
[SourceQuality "1"]
[TimeControl "5400+30"]

1. e4 c5 2. Nf3 e6 3. d4 cxd4 4. Nxd4 a6 5. Bd3 Nf6 6. O-O Qc7 7. c4 Nc6 8. Nxc6 dxc6 9. f4 Bc5+ 10. Kh1 e5 11. f5 h5 12. Nc3 {[%emt 0:00:30] B42: Sicilian: Kan Variation: 5 Bd3.} Ng4 13. Qe2 {[%emt 0:00:30] Against Nf2+} Qd8 {[%emt 0:00:30][%cal Og4h2] Hoping for ...Nxh2!} 14. Bc2 $2 {[%emt 0:00:30] [#]} (14. g3 $11) 14... Nxh2 $1 $19 15. Rd1 {[%emt 0:00:30] [#]} Qe7 $40 {[%emt 0:00:30][%mdl 128] [#] White must now prevent ...Ng4. Black goes for the king.} 16. Be3 $146 ({Avoid the trap} 16. f6 $2 Qxf6 $1 17. Qd2 Ng4 $19) ({Predecessor:} 16. Rd3 Ng4 17. Nd1 Bd7 18. Rh3 O-O-O 19. Ne3 Qd6 20. Rb1 g6 21. a3 gxf5 22. exf5 {0-1 (34) Ribeiro,F (2360)-Strikovic,A (2565) Vila Real de Santo Antonio 1998}) 16... Ng4 17. Bxc5 Qxc5 18. Rd2 b5 19. Bb3 Qe7 20. g3 {[%emt 0:00:30] [#] Inhibits Qh4+.} (20. Qe1 $17 {was forced.}) 20... Qg5 (20... h4 $1 $19 21. Qxg4 hxg3+ 22. Kg1 Qc5+ 23. Kf1 Rh1+ 24. Ke2 Rh2+ 25. Kd1 Qg1+ 26. Kc2 Qxa1 27. Qxg7 Rxd2+ 28. Kxd2 Qxb2+ 29. Kd3 Qf2 30. Qxe5+ Be6 $1 31. Qh8+ Ke7 32. Qxa8 bxc4+ 33. Bxc4 Qf1+ 34. Kc2 Bxc4 35. f6+ Kxf6 36. Qd8+ Kg6 37. Qg8+ Kh5 38. Qxg3 Qf6 39. Qh2+ Kg6) 21. Rad1 $17 {[%emt 0:00:30][%cal Rc4b5] [#]} O-O (21... Bb7 $1 $17 {And now ...h4 would win.} 22. Rd3 (22. cxb5 h4 $17) 22... h4) 22. c5 (22. Rd6 $15) 22... a5 {[%emt 0:00:30] Threatens to win with ...Ba6.} ({Worse is} 22... h4 23. Qf3 $17) 23. a3 $2 (23. Rd6) 23... b4 ({Stronger than} 23... h4 24. Qf3 $17) 24. Na4 (24. axb4 {only move.} axb4 25. Na4) 24... Ba6 $19 25. Qf3 Ne3 26. Re1 {[%emt 0:00:30] [#]} (26. Nb6 $142 Nxd1 27. Rxd1) 26... Nxf5 $1 27. Rf2 Nh6 28. Rd1 Bc8 {[%emt 0:00:30] aiming for ...Bg4.} 29. Rd6 Be6 30. Rxc6 (30. Re2 $142 Rab8 31. Bd1) 30... Ng4 31. Re2 Rad8 32. Rd6 Rxd6 33. cxd6 Bxb3 34. Qxb3 Qf6 35. Qd1 {[%emt 0:00:30] Inhibits Qf1+.} Qf3+ 36. Kg1 Qxg3+ 37. Kh1 Qf3+ 38. Kg1 Rd8 {[%emt 0:00:30] ( -> ...Ne3)} 39. d7 {[%emt 0:00:30] [#]} Nf2 $1 40. Qd2 Nh3+ 41. Kh2 Nf4 42. Re3 {[%emt 0:00:30] [#]} Rxd7 $3 43. Qxd7 (43. Rxf3 Rxd2+) 43... Qg2# {[%emt 0:00:30] Weighted Error Value: White=1.21/Black=0.33} 0-1

[Event "3rd VIZAG GM-Open 2022"]
[Site "Visakapatnam"]
[Date "2022.06.13"]
[Round "2.14"]
[White "Laxman, R.R."]
[Black "Nagarkatte Vedant"]
[Result "1-0"]
[ECO "D30"]
[WhiteElo "2420"]
[BlackElo "1871"]
[Annotator "TA"]
[PlyCount "57"]
[EventDate "2022.06.13"]
[EventType "swiss"]
[EventCountry "IND"]
[SourceTitle "playchess.com"]
[Source "ChessBase"]
[SourceQuality "1"]
[TimeControl "5400+30"]

1. d4 d5 2. Nf3 c6 3. c4 Nf6 4. e3 e6 5. Bd3 dxc4 6. Bxc4 b5 7. Bd3 {[%emt 0:00:30] D30: Queen's Gambit Declined: Systems without Nc3.} Nbd7 8. e4 {[%emt 0:00:30] [#]} e5 $146 ({Black should try} 8... a6 $14) ({Predecessor:} 8... a6 9. e5 Nd5 10. a4 b4 11. O-O c5 12. Bg5 Qb6 13. a5 Qa7 14. Nbd2 h6 {1-0 (70) Barp,A (2388)-Ljukin,S (2362) Chess.com INT 2022}) 9. dxe5 (9. O-O $16) 9... Nc5 $14 {[%emt 0:00:30] [#]} 10. O-O $1 Qxd3 11. exf6 gxf6 12. e5 (12. Qxd3 $14 {stays ahead.} Nxd3 13. Rd1 Nxc1 14. Rxc1) 12... Bg4 $36 {[%emt 0:00:30][%mdl 2048] Threatens to win with ...Rg8. Black has the initiative.} 13. exf6 {[%emt 0:00:30] Hoping for Re1+.} O-O-O 14. Qxd3 Nxd3 15. Be3 Bxf3 ({Of course not} 15... Nxb2 16. Ne5 Rg8 17. Nxf7 $11 (17. Nxc6 Bf3 $11)) 16. gxf3 Rg8+ 17. Kh1 Nxb2 18. Nc3 Nc4 19. Ne4 a6 20. a4 (20. Rg1 $17 Rg6 21. Rg3) 20... Kb7 21. Rfd1 Bb4 22. Bh6 Nd6 ({And not} 22... Rxd1+ 23. Rxd1 Ne5 24. axb5 $17) 23. Rab1 a5 ({Black should play} 23... Nxe4 $19 24. fxe4 Bc3) 24. Nxd6+ (24. axb5 $15 Nxe4 25. bxc6+ Kxc6 26. fxe4) 24... Rxd6 $19 25. Rxd6 Bxd6 26. axb5 c5 27. Rd1 Rd8 {[%emt 0:00:30][%mdl 1024] Strongly threatening ...a4. Black has strong compensation.} 28. Bc1 (28. Be3 $17) 28... Be7 $4 {[%emt 0:00:30][%mdl 8192] [#]} 29. fxe7 {[%emt 0:00:30] Quite a comeback for White.  Weighted Error Value: White=0.36/Black=0.18 (very precise)} 1-0

[Event "3rd VIZAG GM-Open 2022"]
[Site "Visakapatnam"]
[Date "2022.06.13"]
[Round "2.15"]
[White "Aditya Varun Gampa"]
[Black "Nguyen, Duc Hoa"]
[Result "1-0"]
[ECO "C30"]
[WhiteElo "1836"]
[BlackElo "2398"]
[Annotator "TA"]
[PlyCount "113"]
[EventDate "2022.06.13"]
[EventType "swiss"]
[EventCountry "IND"]
[SourceTitle "playchess.com"]
[Source "ChessBase"]
[SourceQuality "1"]
[TimeControl "5400+30"]

1. e4 e5 2. Nc3 Nf6 3. Bc4 Bc5 4. f4 d6 5. Nf3 O-O 6. d3 Ng4 {[%emt 0:00:30] And now ...Nf2 would win. C30: King's Gambit Declined.} 7. Qe2 Nc6 8. f5 Bf2+ (8... Nf6 $14) 9. Kf1 $1 $16 Bb6 {[%emt 0:00:30] [#]} 10. Ng5 $146 ({Better is} 10. Bg5 $16 Nd4 11. Qd2 (11. Bxd8 Nxe2 12. Kxe2 Rxd8 $11)) ({Predecessor:} 10. Nd5 Kh8 11. h3 Nf6 12. Bg5 Nd4 13. Nxd4 Bxd4 14. c3 Bb6 15. Nxf6 gxf6 16. Bh4 {1-0 (24) Labussiere,V (2332)-Isaev,J (2296) Chess.com INT 2020}) 10... Nf6 $11 {[%emt 0:00:30] next ...Nd4 is good for Black.} 11. Nd5 Nd4 $36 {[%emt 0:00:30][%mdl 2048] White is under pressure.} 12. Nxf6+ (12. Qd1 $1 $11) 12... Qxf6 $17 13. Qd1 c6 (13... h6 $6 14. Nf3 $15) 14. g4 (14. Qh5 $2 Bxf5 $1 15. Bxf7+ Rxf7 16. Qxf7+ Qxf7 17. Nxf7 Bg4 $19) 14... d5 (14... g6 $1 $17 15. c3 gxf5 16. cxd4 fxe4+ 17. Kg2 d5) 15. exd5 $11 {[%emt 0:00:30] aiming for Ne4.} h6 16. Ne4 Qh4 {[%emt 0:00:30] Strongly threatening ...Qh3+.} 17. Kg2 {[%emt 0:00:30] Against Qh3+} (17. h3 $11 {keeps the balance.}) 17... g6 $1 $17 (17... Nxc2 $6 18. Qxc2 cxd5 19. Bxd5 Qxg4+ 20. Ng3 Bxf5 21. Rf1 $11 (21. h3 Qg6 $11)) 18. fxg6 (18. c3 $17 {was called for.} gxf5 19. cxd4 fxe4 20. h3) 18... fxg6 $2 (18... Bxg4 19. Nf6+ Qxf6 20. Qxg4 fxg6 21. Rd1 $19) ({Black should try} 18... Kg7 $19 19. h3 f5) 19. h3 $11 Rf3 $2 (19... Nf3 $11 {and Black has nothing to worry.} 20. Qe2 Nd4 21. dxc6+ Kg7) 20. Qe1 $18 (20. c3 $2 Bxg4 $1 21. dxc6+ Kh7 22. cxd4 Bxd4 $1 $19) 20... Qxe1 21. Rxe1 Nxc2 {[%emt 0:00:30] [#]} 22. Bxh6 $1 Kh7 (22... cxd5 23. Bxd5+) 23. Ng5+ (23. Kxf3 $6 Kxh6 24. dxc6 bxc6) 23... Kxh6 24. Nxf3 cxd5 25. Bxd5 Ba5 $2 {[%emt 0:00:30] [#]} (25... Kg7 26. Rac1 Nxe1+ 27. Rxe1 Bd7 28. Rxe5 (28. Nxe5 Re8 $16) 28... Bd8) 26. Rac1 $2 ({Less strong is} 26. g5+ Kg7 $16) (26. Rxe5 $1 $18 {is the precise move to win.} Nxa1 27. Re7 Bxg4 28. hxg4) 26... Nxe1+ $16 27. Nxe1 Bd7 (27... Bd2 $16 28. Rd1 Bf4) 28. Nf3 $18 (28. Bxb7 $6 Rb8 29. b4 Bxb4 $14) 28... Re8 29. Be4 Bb6 30. Bxb7 Bb5 31. Be4 ({But not} 31. Bc6 $6 Rc8 $16) 31... Bxd3 32. Bxd3 ({Much less strong is} 32. g5+ Kg7 33. Bxd3 e4) 32... e4 {[%emt 0:00:30] [#]} 33. Bxe4 Rxe4 {[%emt 0:00:30][%mdl 4096] Endgame KRB-KRN} 34. Re1 {[%emt 0:00:30] Against Re2+} Rc4 35. Re2 {[%emt 0:00:30] Prevents Rc2.} Kg7 36. b3 Rc3 37. h4 Bd8 38. Rd2 Bb6 39. Rd7+ Kg8 $2 (39... Kf6 {is a better defense.} 40. Rd6+ Ke7 41. Rxg6 Rc2+ 42. Kh3 Rc3) 40. Ne5 Rc2+ 41. Kf3 Rf2+ 42. Ke4 g5 43. hxg5 Rxa2 44. Nf7 {[%emt 0:00:30] Nh6+ is the strong threat.} Kg7 (44... Kf8 $142 45. Ne5 Bg1 46. Ng6+ Ke8) 45. Ne5+ Kg8 46. Kf5 Ra5 47. Ke6 (47. Kf6 $142) 47... Ra6 (47... Be3 $142 48. Nc4 Ra6+ 49. Kf5 Bc5) 48. Kf5 (48. Rd6 $142 Ra1 49. Kf6 Rf1+ 50. Kg6) 48... Ra5 $1 49. Kf6 {[%emt 0:00:30] White wants to mate with g6.} Ra6 50. Rg7+ {[%emt 0:00:30] White mates.} Kf8 51. Nd7+ Ke8 52. Re7+ Kd8 53. Nxb6 Rxb6+ 54. Re6 Rxb3 55. g6 Rf3+ 56. Kg5 Kd7 57. Rf6 {[%emt 0:00:30] Weighted Error Value: White=0.51/Black=0.54} 1-0

[Event "3rd VIZAG GM-Open 2022"]
[Site "Visakapatnam"]
[Date "2022.06.13"]
[Round "2.17"]
[White "Sriansh Das"]
[Black "Nguyen, Van Huy"]
[Result "0-1"]
[ECO "B11"]
[WhiteElo "1731"]
[BlackElo "2405"]
[Annotator "TA"]
[PlyCount "76"]
[EventDate "2022.06.13"]
[EventType "swiss"]
[EventCountry "IND"]
[SourceTitle "playchess.com"]
[Source "ChessBase"]
[SourceQuality "1"]
[TimeControl "5400+30"]

1. e4 c6 2. Nc3 d5 3. Nf3 Bg4 4. h3 Bh5 5. exd5 cxd5 6. g4 Bg6 7. Bb5+ Nc6 8. Ne5 Rc8 9. d4 e6 10. Bf4 {[%emt 1:14:47] B11: Caro-Kann: Two Knights Variation.} (10. Qe2 $5 ) 10... Bd6 11. h4 {And now h5 would win.} f6 (11... Bxe5 $15 12. Bxe5 (12. dxe5 h5 $17) 12... f6) 12. Nxg6 $11 {The position is equal.} hxg6 13. Bxd6 Qxd6 14. Qd3 Kf7 15. Bxc6 {[#]} (15. Qd2 $11 {is more appropriate.}) 15... bxc6 $146 ({Predecessor:} 15... Rxc6 16. O-O-O Ne7 17. Kb1 Qb4 18. Ne2 Qc4 19. Qd2 a5 20. h5 gxh5 21. gxh5 Nf5 {1-0 (38) Darazs,Z (2157)-Kovacs,A (2001) Budapest 2012}) 16. Ne2 {Against Qf4} c5 17. O-O-O Ne7 18. dxc5 Rxc5 19. f4 Rb8 20. Rd2 (20. Kb1 $142) 20... Ra5 $11 21. Kb1 Qb4 22. c3 $1 Qa4 23. b4 $1 Rc5 {aiming for ...a5.} 24. Rb2 Rc4 25. Nd4 Nc6 $36 {[%mdl 2048] Threatens to win with ...Nxd4. Black has some pressure.} 26. Nxc6 (26. h5 $1 $11 gxh5 27. gxh5 (27. Nxe6 $2 Kxe6 28. gxh5 Kd6 $17) 27... Nxd4 28. Qg6+ Ke7 29. Qxg7+ Kd6 30. Qxf6) 26... Qxc6 $17 27. h5 {[#]} Re4 (27... Rxf4 $2 28. Qxg6+ Ke7 29. Qxg7+ Kd6 30. Qxa7 $18) ({Much worse is} 27... gxh5 $6 28. gxh5 Rxc3 29. Qg6+ Kf8 30. h6 $11) (27... d4 $1 $17 28. Rc1 (28. Qxg6+ Kg8 $17) (28. hxg6+ $2 Ke7 $19) 28... Rxc3 29. hxg6+ Ke7) 28. hxg6+ Kxg6 29. f5+ ({Reject} 29. b5 Qc4 30. f5+ (30. Qh3 $2 Kf7 $19) 30... Kf7 31. Qxc4 Rxc4 $17) 29... Kf7 30. Rd1 Rc8 ({Better is} 30... Rxg4 $15 31. fxe6+ Qxe6) 31. g5 (31. Rb3 $1 $11) 31... exf5 32. gxf6 (32. Rg2 $17 {keeps fighting.}) 32... Kxf6 $19 33. b5 (33. Rb3 $142) 33... Qc4 34. Qg3 Qc7 35. Qf2 (35. Qd3) 35... Qxc3 36. Qxa7 {[#]} (36. b6 $19 axb6 37. Rxb6+ Rc6 38. Rxc6+ Qxc6 39. Qb2+ Kf7 40. Qb3) 36... Qd3+ $3 {[%mdl 512] Black mates.} 37. Ka1 Qxd1+ 38. Rb1 {[%emt 0:00:00] [#]} Qd4+ {Weighted Error Value: White=0.48/Black=0.14 (very precise)} (38... Qxb1+ $142 $3 39. Kxb1 Rb4+ 40. Ka1 Rc1#) 0-1

[Event "3rd VIZAG GM-Open 2022"]
[Site "Visakapatnam"]
[Date "2022.06.13"]
[Round "2.18"]
[White "Abdurakhmonov, Mukhammadali"]
[Black "Ankit Ray"]
[Result "1-0"]
[ECO "E06"]
[WhiteElo "2308"]
[BlackElo "1932"]
[Annotator "TA"]
[PlyCount "83"]
[EventDate "2022.06.13"]
[EventType "swiss"]
[EventCountry "IND"]
[SourceTitle "playchess.com"]
[Source "ChessBase"]
[SourceQuality "1"]
[TimeControl "5400+30"]

1. d4 Nf6 2. Nf3 d5 3. c4 e6 4. g3 Be7 5. Qc2 O-O 6. Bg2 a6 7. Bf4 dxc4 8. Qxc4 Nd5 {E06: Closed Catalan: Early deviations.} 9. Bd2 b5 10. Qc2 Bb7 {[%cal Oc7c5] [#] The position is equal.} 11. Nc3 $146 ({Predecessor:} 11. O-O Nd7 12. Ba5 Qb8 13. Nc3 Nxc3 14. Bxc3 Nf6 15. b4 Be4 16. Qb3 Qb7 17. Rac1 a5 18. a3 Nd5 19. bxa5 Nxc3 20. Qxc3 Ra7 {½-½ (20) Postny,E (2578)-Savic,M (2421) Paracin 2021}) 11... Nc6 (11... Nf6 $11 {remains equal.}) 12. Nxd5 $16 exd5 13. O-O Bf6 14. e3 Qd7 15. Rfc1 Rfe8 16. Ne1 Nd8 (16... Be7 $16 17. Nd3 Bd6) 17. Nd3 (17. Qxc7 $18 Qf5 18. a4) 17... Ne6 18. Bh3 Be7 19. Ne5 Qd6 20. Nc6 (20. Qf5 Bf6 $14) 20... Bxc6 21. Qxc6 b4 22. a3 (22. Qxd6 $18 Bxd6 23. Bg2) 22... bxa3 23. bxa3 a5 24. a4 Red8 25. Rab1 Ng5 (25... Qxc6 $16 26. Rxc6 Bb4) 26. Bg2 $18 Qa3 (26... Qxc6 {keeps fighting.} 27. Rxc6 Ne4) 27. Bxd5 Qd3 28. Be1 {This bishop pair is nice.} Bb4 29. Bg2 ({Resist} 29. Bxb4 axb4 30. Qxa8 Rxa8 $18) 29... Bxe1 30. Rxe1 {[#] Black must now prevent Qb5.} Qf5 31. Rb5 ({Much less strong is} 31. Qxc7 Nh3+ 32. Bxh3 Qxh3 $18) 31... Nh3+ 32. Bxh3 {Active counter play!} Qxh3 33. Reb1 ({Don't take} 33. Qxc7 Rdc8 34. Qb7 Qe6) 33... g6 34. Qxc7 Rdc8 35. Rb8 {White is clearly winning.} Qf5 {[%cal Of5b1] [#] Strongly threatening ...Qxb1+!} 36. Qxc8+ Qxc8 37. Rxc8+ Rxc8 {KR-KR} 38. Rb5 Ra8 39. Kf1 Kf8 40. Ke2 Ke7 41. Kd3 Kd6 42. e4 {Weighted Error Value: White=0.17 (very precise) /Black=0.38} 1-0

[Event "3rd VIZAG GM-Open 2022"]
[Site "Visakapatnam"]
[Date "2022.06.13"]
[Round "3.1"]
[White "Gusain, Himal"]
[Black "Amonatov, Farrukh"]
[Result "0-1"]
[ECO "E68"]
[WhiteElo "2396"]
[BlackElo "2622"]
[Annotator "TA"]
[PlyCount "102"]
[EventDate "2022.06.13"]
[EventType "swiss"]
[EventCountry "IND"]
[SourceTitle "playchess.com"]
[Source "ChessBase"]
[SourceQuality "1"]
[TimeControl "5400+30"]

1. d4 Nf6 2. c4 g6 3. Nf3 Bg7 4. g3 O-O 5. Bg2 d6 6. O-O Nbd7 7. Nc3 e5 8. Qc2 c6 9. Rd1 Qe7 10. b3 Re8 11. e4 exd4 12. Nxd4 Nc5 13. f3 a5 14. Rb1 Nfd7 {[%emt 0:01:56][%cal Of7f5] E68: King's Indian: Fianchetto: 6...Nbd7 7 0-0 e5 8 e4.} 15. a3 h5 16. h3 {[%emt 0:00:11] [#]} Ne6 $146 {[%emt 0:06:30] The position is equal.} ({Predecessor:} 16... Nb6 17. a4 Nbd7 18. Nde2 Ne5 19. f4 Ned7 20. Ba3 Bf8 21. Nd4 Na6 22. Qd2 Ndc5 {0-1 (51) Stajcic,N (2320)-Mochalov,E (2460) Kobanya 1992}) 17. Be3 Ne5 (17... Ndc5 $11 {keeps the balance.}) 18. Nde2 (18. f4 $16) 18... h4 (18... f5 $1 $11) 19. g4 (19. f4 {is interesting.} hxg3 20. fxe5 Bxe5 21. Na4) 19... g5 20. Na4 Ng6 21. Qd2 Be5 22. Nd4 Nxd4 23. Bxd4 Be6 24. Nc3 {[%emt 0:03:25] Prevents b5.} Qf6 25. a4 Rad8 26. Ne2 d5 {[%emt 0:03:39] Strongly threatening ...dxe4.} 27. exd5 cxd5 28. c5 Bd7 29. Be3 (29. Qxa5 $2 Nf4 30. Nxf4 Bxd4+ 31. Kh1 Qxf4 $19) 29... Nf4 30. Nxf4 (30. Bxf4 $11 Bxf4 31. Nxf4 gxf4 32. Qxa5 (32. Qxd5 Bc6 $11)) 30... gxf4 $17 31. Bf2 Bc6 32. Qd3 ({Don't blunder} 32. Qxa5 $2 Bc3 33. Qc7 Rd7 $19) (32. Rbc1 $142) 32... Bc3 $1 33. g5 ({Don't go for} 33. Bxh4 $2 Qxh4 34. Qc2 d4 $19) 33... Qg7 34. Bxh4 d4 $1 35. Qf5 Qe5 36. Qxe5 Rxe5 37. g6 {[%emt 0:03:31] [#]} Rd7 38. gxf7+ Kxf7 39. Be1 Rxe1+ ({And not} 39... Rxc5 40. Rdc1) 40. Rxe1 Bxe1 41. Rxe1 $19 {[%emt 0:00:10][%mdl 4096] Endgame KRB-KRB} Bd5 42. Bf1 Bxf3 (42... Bxb3 $17 {aiming for ...d3.} 43. Bb5 Rd8) 43. Bb5 {[%emt 0:06:20] [#]} (43. Kf2 $15 Bd5 44. h4) 43... Rd8 (43... Re7 $1 $19 {[%cal Re7e1] is more deadly.} 44. Rc1 Kf6) 44. Bc4+ (44. Kf2 $17 {was called for.} Bd5 45. Ke2) 44... Kf6 ({Black should play} 44... Bd5 $19 {Threatens to win with ...Bxc4.} 45. Bxd5+ Rxd5) 45. Rf1 $2 (45. Re6+ $15 Kf5 46. Kf2) 45... Be4 {[%emt 0:00:05] Black is clearly winning.} 46. Rxf4+ Ke5 47. Rf2 d3 48. Rd2 Kd4 49. Kf2 Kc3 50. Ke3 Re8 {[%emt 0:00:05] ...Bc6+ is the strong threat.} 51. Rd1 Bd5+ {[%emt 0:00:59] Weighted Error Value: White=0.78/Black=0.19 (very precise)} 0-1

[Event "3rd VIZAG GM-Open 2022"]
[Site "Visakapatnam"]
[Date "2022.06.13"]
[Round "3.2"]
[White "Paichadze, Luka"]
[Black "Subhayan Kundu"]
[Result "1/2-1/2"]
[ECO "B53"]
[WhiteElo "2567"]
[BlackElo "2323"]
[Annotator "TA"]
[PlyCount "55"]
[EventDate "2022.06.13"]
[EventType "swiss"]
[EventCountry "IND"]
[SourceTitle "playchess.com"]
[Source "ChessBase"]
[SourceQuality "1"]
[TimeControl "5400+30"]

1. e4 c5 2. Nf3 d6 3. d4 cxd4 4. Qxd4 Nf6 5. Bg5 Nc6 6. Bb5 Bd7 7. Qd3 e6 8. Nc3 a6 9. Bxc6 Bxc6 10. O-O-O Be7 11. Nd4 {[%emt 0:01:19] B53: Sicilian: 2...d6: Lines with Qxd4.} Bd7 12. f4 h6 13. Bh4 {[%emt 0:11:52] [#] White has an edge.} g5 $146 ({Predecessor:} 13... b5 14. e5 dxe5 15. fxe5 Ng4 16. Bxe7 Qxe7 17. Qe4 Qg5+ 18. Kb1 Rd8 19. Nf3 Qg6 {½-½ (30) Draghici Flutur,G (2164)-Fernandez Lago,D (2000) Linares 2014}) 14. fxg5 Nh5 15. g4 Nf4 {[%emt 0:07:05] The position is equal.} ({Resist} 15... Bxg5+ 16. Bxg5 Qxg5+ 17. Kb1 $16) 16. Qf3 hxg5 17. Bg3 Ng6 {[%emt 0:01:29] Inhibits h4.} 18. Rhf1 Rh7 {[%emt 0:03:04] [#]} 19. Nf5 $1 exf5 20. exf5 Ne5 21. Bxe5 dxe5 22. f6 Bxf6 {[%emt 0:00:49] Strongly threatening ...Bh8.} 23. Qxb7 Rb8 24. Qa7 {[%emt 0:00:06][%cal Of1f6] [#] Hoping for Rxf6!} Ra8 25. Qb7 Rb8 26. Qa7 {[%emt 0:01:34][%cal Of1f6] Rxf6! is the strong threat.} Ra8 27. Qb7 Rb8 28. Qa7 $1 {[%emt 0:00:30] Weighted Error Value: White=0.03 (flawless) /Black=0.02 (flawless)} 1/2-1/2

[Event "3rd VIZAG GM-Open 2022"]
[Site "Visakapatnam"]
[Date "2022.06.13"]
[Round "3.3"]
[White "Abdyjapar, Asyl"]
[Black "Harsha Bharathakoti"]
[Result "1/2-1/2"]
[ECO "A29"]
[WhiteElo "2346"]
[BlackElo "2547"]
[Annotator "TA"]
[PlyCount "105"]
[EventDate "2022.06.13"]
[EventType "swiss"]
[EventCountry "IND"]
[SourceTitle "playchess.com"]
[Source "ChessBase"]
[SourceQuality "1"]
[TimeControl "5400+30"]

1. c4 e5 2. g3 Nf6 3. Bg2 d5 4. cxd5 Nxd5 5. Nf3 Nc6 6. O-O Nb6 7. d3 Be7 8. a3 O-O 9. Nc3 Re8 10. b4 Bf8 11. Bb2 a5 12. b5 Nd4 13. e3 {[%emt 0:04:11] A29: English Opening: Four Knights Variation with 4 g3.} Nxf3+ 14. Bxf3 a4 $1 {[%emt 0:02:44] 14...a4 scores better than 14...Rb8.} 15. Rc1 Ra7 16. Qc2 Ra5 17. Qe2 Bd6 18. Rfd1 Qe7 19. Qd2 {[%emt 0:01:35] Hoping for Nd5.} Ra7 20. Ne4 Be6 $1 21. Nxd6 cxd6 {[%emt 0:00:04] [#]} 22. e4 $146 ({Predecessor:} 22. Rc3 Qd7 23. Ba1 Qxb5 24. d4 Qa5 25. dxe5 dxe5 26. Qc1 Nd7 27. Rc8 Ra8 28. Rc7 Nf6 29. Rc5 {½-½ (41) Keller,T (2276)-Gikas,A (2123) Germany 2011}) 22... Bb3 23. Re1 Raa8 24. Qb4 Rec8 25. Bg4 Rc5 26. d4 Rc4 27. Rxc4 Nxc4 28. Ba1 exd4 29. Bxd4 Ne5 30. Be2 $36 {[%emt 0:01:48][%mdl 2048] White fights for an advantage.} Rc8 31. f4 Ng6 32. Bd3 Qd7 33. Be3 d5 34. Qd4 Ne7 35. Bd2 {[%emt 0:00:31] Black must now prevent Bc3.} Bc4 $1 36. Bb1 (36. Bc3 $14 f6 37. e5 Bxd3 38. Qxd3) 36... Bxb5 (36... Qxb5 $5 37. Bc3 f6 $11) 37. Bc3 f6 38. e5 Nc6 39. Qd2 d4 $2 (39... fxe5 $11 {and Black has nothing to worry.} 40. fxe5 Nd8) 40. exf6 $2 (40. Ba2+ $1 $18 Kh8 41. exf6) 40... Bc4 $14 ({Not} 40... gxf6 41. Ba2+ Kg7 42. Be6 $16) 41. fxg7 Rd8 42. Bb4 {[%emt 0:02:49] White is more active. A strong pair of Bishops.} (42. Bb2 $16 {And now Qc2 would win.} b5 43. Be4) 42... Qxg7 (42... b5 $142 43. Bc5 d3) 43. Be4 (43. Ba5 $11 Rd5 44. Be4) 43... Nxb4 $15 44. Qxb4 b5 {[%emt 0:00:02] Strongly threatening ...d3.} 45. Qd2 d3 46. Kg2 Qe7 47. f5 Qf6 ({Of course not} 47... Rd4 48. Bf3 Qf6 49. Re8+ Kg7 50. Rb8 $11) (47... h6 $5 48. h4 (48. Qxh6 $2 d2 $19) 48... Qf8 $15) 48. h4 Kh8 {[%emt 0:00:29] Threatens to win with ...Qd6.} 49. Kh2 {[%emt 0:00:11] [#]} (49. Bf3 $1 $11 {was the only way to keep the balance.}) 49... Qd4 ({Black should play} 49... Qd6 $1 $17 50. f6 Qxf6) 50. Bg2 Qf6 51. Be4 {[%emt 0:01:16] [#]} (51. Bf3 $11) 51... Qd4 ({Better is} 51... Qd6 $1 $17 52. f6 Qxf6) 52. Bg2 Qf6 (52... Qd6 $11) 53. Be4 {[%emt 0:00:06] Weighted Error Value: White=0.31/Black=0.24 (precise)} 1/2-1/2